 Dungeon Crawl Stone Soup version 0.29.1-1-gd02db6906a (webtiles) character file.

Game seed: 13008289137587356967

30585 LabCoat the Fighter (level 13, -9/186 HPs)
             Began as a Hill Orc Fighter on Oct 6, 2022.
             Was an Elder of Trog.
             Mangled by a blink frog (10 damage)
             ... on level 5 of the Lair of Beasts.
             The game lasted 00:55:02 (18394 turns).

LabCoat the Fighter (Hill Orc Fighter)             Turns: 18394, Time: 00:55:03

Health: -9/186     AC: 26    Str: 24    XL:     13   Next: 52%
Magic:  13/13      EV:  2    Int:  8    God:    Trog [****..]
Gold:   972        SH: 11    Dex: 16    Spells: 12/12 levels left

rFire   + . .      SeeInvis .   B - +2 broad axe
rCold   x . .      Faith    .   c - +0 buckler
rNeg    . . .      Spirit   .   (body armour currently unavailable)
rPois   +          Reflect  +   (helmet currently unavailable)
rElec   .          Harm     .   (cloak currently unavailable)
rCorr   .          Rampage  .   (gloves currently unavailable)
Will    ++...      NoTele   +   (boots currently unavailable)
Stlth   +.........              i - amulet of reflection
HPRegen 1.41/turn               n - ring of fire
MPRegen 0.13/turn               u - +6 ring of dexterity

@: tree-form, strong-willed, on berserk cooldown, regenerating, slowed, very
slow
A: stationary, stasis, torment immunity, boosted hp
a: Renounce Religion, Berserk, Trog's Hand, Brothers in Arms


You were on level 5 of the Lair of Beasts.
You worshipped Trog.
Trog was greatly pleased with you.
You were a tree.
You visited 3 branches of the dungeon, and saw 16 of its levels.

You collected 972 gold pieces.

Inventory:

Hand Weapons
 a - a +1 war axe
 d - a +2 battleaxe
 q - a +3 flail
 B - a +2 broad axe (weapon)
Missiles
 t - 6 poisoned darts
 w - 2 silver boomerangs (quivered)
Armour
 c - a +0 buckler (worn)
 e - a +2 cloak (melded)
 j - a +2 pair of boots (melded)
 l - a +1 helmet (melded)
 m - a +2 pair of gloves of stealth (melded)
 H - a +0 plate armour (melded)
Jewellery
 i - an amulet of reflection (around neck)
 k - a ring of fire
 n - a ring of fire (left branch)
 s - an amulet of faith
 u - a +6 ring of dexterity (right branch)
 L - an amulet of guardian spirit
Wands
 h - a wand of digging (6)
 D - a wand of paralysis (11)
 K - a wand of polymorph (11)
Scrolls
 b - 2 scrolls of silence
 g - 3 scrolls of poison
 v - a scroll of blinking
 x - 2 scrolls of magic mapping
 E - 2 scrolls of butterflies
 F - 3 scrolls of teleportation
Potions
 f - a potion of might
 o - 5 potions of ambrosia
 p - 2 potions of resistance
 z - a potion of magic
 A - a potion of cancellation


   Skills:
 * Level 14.0 Fighting
 + Level 12.2 Axes
 + Level 6.8 Throwing
 * Level 10.5 Armour
 + Level 7.6 Dodging
 + Level 7.1 Shields
 + Level 7.4 Evocations


You had 12 spell levels left.
You didn't know any spells.
Your spell library contained the following spells:

 Spells                   Type           Power      Damage    Failure   Level
 Foxfire                  Conj/Fire      0%         2x1d4     47%         1
 Magic Dart               Conj           0%         1d3       47%         1
 Slow                     Hex            0%         N/A       47%         1
 Call Imp                 Summ           0%         N/A       63%         2
 Searing Ray              Conj           0%         2d4       63%         2
 Sublimation of Blood     Necr           0%         N/A       63%         2
 Wereblood                Tmut           0%         N/A       63%         2
 Confusing Touch          Hex            0%         N/A       85%         3
 Conjure Flame            Conj/Fire      0%         6-21      85%         3
 Dazzling Flash           Conj/Hex       0%         N/A       85%         3
 Inner Flame              Hex/Fire       0%         N/A       85%         3
 Mephitic Cloud           Conj/Pois/Air  0%         N/A       85%         3
 Tukima's Dance           Hex            0%         N/A       85%         3
 Vampiric Draining        Necr           0%         2d6       85%         3
 Flame Wave               Conj/Fire      0%         2d4       99%         4
 Fulminant Prism          Conj/Hex       0%         3d6       99%         4
 Iskenderun's Mystic Bla  Conj/Tloc      0%         2d3       99%         4
 Passage of Golubria      Tloc           0%         N/A       99%         4
 Yara's Violent Unravell  Hex/Tmut       0%         3d3       100%        5
 Starburst                Conj/Fire      0%         6d3       100%        6
 Summon Hydra             Summ           0%         N/A       100%        7


Dungeon Overview and Level Annotations

Branches:
Dungeon (10/15)            Temple (1/1) D:6            Lair (5/5) D:10
  Swamp (0/4) Lair:3       Spider (0/4) Lair:3          Orc (0/2) D:9
  Slime: Lair:4-5

Altars:
Ashenzari
Cheibriados
Dithmenos
Elyvilon
Fedhas
Gozag
Hepliaklqana
Kikubaaqudgha
Makhleb
Nemelex Xobeh
Okawaru
Qazlal
Ru
Sif Muna
Trog
Uskayaw
Vehumet
Wu Jian
Xom
Yredelemnul
Zin
The Shining One
Beogh

Shops:
D:5 [   D:6 *


Message History

The komodo dragon barely misses you. The cane toad stings you.
* * * LOW HITPOINT WARNING * * *
The water moccasin bites you but does no damage.
You slice the cane toad!!
The cane toad is severely wounded.
You slash the blink frog! x2; You hit the blink frog.
You slash the cane toad! You closely miss the water moccasin.
You slash the komodo dragon!
The blink frog blinks!
The blink frog hits you but does no damage.
The cane toad stings you.
* * * LOW HITPOINT WARNING * * *
A blink frog comes into view.
The blink frog hits you but does no damage.
The komodo dragon bites you but does no damage.
The blink frog completely misses you.
The blink frog blinks!
The water moccasin bites you but does no damage.
You block the blink frog's attack. The smoke demon gestures at you.
Something smites you!
* * * LOW HITPOINT WARNING * * *
The komodo dragon bites you!!
* * * LOW HITPOINT WARNING * * *
The blink frog blinks!
You miss the blink frog.
The blink frog is moderately wounded.
You completely miss the komodo dragon. You hit the cane toad but do no damage.
You slash the cane toad! You slash the blink frog! You hit the blink frog.
You closely miss the water moccasin. You block the water moccasin's attack.
The blink frog blinks! x2
The blink frog hits you but does no damage.
You block the blink frog's attack.
The blink frog blinks!
The water moccasin bites you but does no damage.
The cane toad stings you.
* * * LOW HITPOINT WARNING * * *
You block the komodo dragon's attack.
The cane toad stings you but does no damage.
The blink frog blinks!
The blink frog hits you.
* * * LOW HITPOINT WARNING * * *
The blink frog hits you!
You die...

#.#.........## ##...........###
...............#
...............##
#......†.†......#
########.#...††.#..... ###
###......#####††..#.....
##.######.....SFF.#.#.###†.#....
#..F....3.§..§F♣FF........###...
##..FS.....§..§lFFY........#
##..
#............FFF§..........# ##.
##F########......F##..##.#.# #..
#§§# ###...#######....# ##. #.s.
##### ....## #. #..F. .....# ##
###3.. .# F...


You could see a komodo dragon, a yak, 2 cane toads, 9 blink frogs and a water
moccasin.

Vanquished Creatures
  6 hydras
  Pikel (D:6)
  A wolf spider (Lair:5)
  A will-o-the-wisp (Lair:3)
  10 elephants
  2 black mambas
  6 cane toads
  A rime drake (Lair:5)
  5 komodo dragons
  A polar bear (Lair:4)
  A queen bee (Lair:4)
  2 trolls
  12 hornets
  3 meliai (Lair:4)
  3 blink frogs (Lair:4)
  2 jumping spiders (Lair:3)
  20 yaks
  A shadow (D:10)
  3 wyverns
  A chaos spawn (Lair:5)
  4 fire bats (Lair:3)
  Eustachio (D:6)
  5 basilisks
  2 steam dragons
  Duvessa (D:6)
  13 water moccasins
  2 acid dragons
  A black bear (D:6)
  10 orc warriors
  3 ice beasts
  An ogre (D:5)
  23 wolves
  5 centaurs
  A phantom (D:6)
  Blork the orc (D:6)
  9 bullfrogs
  A gnoll sergeant (D:9)
  4 wights (D:6)
  Dowan (D:6)
  16 killer bees (Lair:4)
  2 howler monkeys
  5 electric eels
  3 jellies
  6 orc priests
  4 hounds
  A gnoll bouda (D:7)
  5 iguanas
  11 orc wizards
  7 gnolls
  8 adders
  2 shadow imps
  A white imp (D:6)
  An ufetubus (D:5)
  5 dart slugs
  47 orcs
  3 bats
  10 endoplasms
  4 giant cockroaches
  10 hobgoblins
  3 quokkas
  4 ball pythons
  4 frilled lizards (D:1)
  9 goblins
  6 kobolds
  2 rats
  A briar patch (Lair:4)
350 creatures vanquished.

Vanquished Creatures (others)
  8 foxfires (Lair:3)
  11 fungi
  17 plants
36 creatures vanquished.

Grand Total: 386 creatures vanquished

Notes
Turn   | Place    | Note
-------+----------+-------------------------------------------
     0 | D:1      | LabCoat the Hill Orc Fighter began the quest for the Orb.
     0 | D:1      | Reached XP level 1. HP: 19/19 MP: 1/1
   129 | D:1      | Reached XP level 2. HP: 21/27 MP: 2/2
   521 | D:1      | Found a faded altar of an unknown god.
   541 | D:1      | Reached skill level 4 in Fighting
   608 | D:1      | Reached XP level 3. HP: 22/33 MP: 3/3
  1882 | D:2      | Reached XP level 4. HP: 41/41 MP: 4/4
  1926 | D:2      | Reached skill level 1 in Dodging
  2444 | D:3      | Reached XP level 5. HP: 19/47 MP: 5/5
  2652 | D:3      | Reached skill level 5 in Fighting
  2901 | D:3      | Found a glowing golden altar of the Shining One.
  2911 | D:3      | Found an opulent altar of Gozag.
  2968 | D:4      | Reached skill level 5 in Axes
  2969 | D:4      | Reached XP level 6. HP: 43/56 MP: 6/6
  3123 | D:4      | Noticed an ice beast
  3129 | D:4      | Killed an ice beast
  3304 | D:4      | Found an ornate altar of the Wu Jian Council.
  3424 | D:4      | Reached XP level 7. HP: 62/62 MP: 7/7
  3459 | D:4      | Reached skill level 6 in Fighting
  3561 | D:5      | Entered Level 5 of the Dungeon
  3745 | D:5      | Reached skill level 1 in Throwing
  3933 | D:5      | Found Soujagos's Antique Armour Shop.
  4101 | D:5      | Reached skill level 1 in Evocations
  4306 | D:5      | Found an ancient bone altar of Kikubaaqudgha.
  4558 | D:6      | Noticed Blork the orc
  4567 | D:6      | Killed Blork the orc
  4568 | D:6      | Reached XP level 8. HP: 71/71 MP: 8/8
  4572 | D:6      | Found Toskuirui's General Store.
  4601 | D:6      | Reached skill level 5 in Armour
  4601 | D:6      | Found an iron altar of Okawaru.
  4602 | D:6      | Noticed Eustachio
  4612 | D:6      | Reached skill level 7 in Fighting
  4620 | D:6      | Killed Eustachio
  4700 | D:6      | Noticed Duvessa
  4701 | D:6      | Noticed Dowan
  4716 | D:6      | Killed Duvessa
  4726 | D:6      | Noticed Pikel
  4744 | D:6      | Killed Pikel
  4745 | D:6      | Reached skill level 8 in Fighting
  4745 | D:6      | Reached XP level 9. HP: 62/81 MP: 9/9
  4750 | D:6      | Killed Dowan
  4836 | D:6      | Found a staircase to the Ecumenical Temple.
  4855 | Temple   | Entered the Ecumenical Temple
  5016 | Temple   | Became a worshipper of Trog the Wrathful
  5719 | D:7      | Reached skill level 5 in Dodging
  6166 | D:8      | Reached skill level 9 in Fighting
  6334 | D:8      | Reached * piety under Trog
  6856 | D:8      | Reached XP level 10. HP: 91/91 MP: 10/10
  7024 | D:9      | Paralysed by a hornet for 2 turns
  7602 | D:9      | Found a roughly hewn altar of Beogh.
  7602 | D:9      | Found a staircase to the Orcish Mines.
  7622 | D:9      | Reached skill level 10 in Fighting
  8013 | D:9      | Reached ** piety under Trog
  8545 | D:10     | Entered Level 10 of the Dungeon
  8615 | D:10     | Found a radiant altar of Vehumet.
  8847 | D:10     | Paralysed by a hornet for 2 turns
  8858 | D:10     | Paralysed by a hornet for 2 turns
  9166 | D:10     | Noticed an elephant
  9283 | D:10     | Found a staircase to the Lair.
  9293 | D:10     | Killed an elephant
  9311 | D:10     | Reached XP level 11. HP: 70/101 MP: 11/11
  9529 | D:10     | Reached skill level 5 in Evocations
  9669 | D:10     | Reached skill level 10 in Axes
 10049 | D:10     | Reached skill level 11 in Fighting
 10210 | Lair:1   | Entered Level 1 of the Lair of Beasts
 11487 | Lair:2   | Reached skill level 5 in Throwing
 11651 | Lair:2   | Reached *** piety under Trog
 11823 | Lair:2   | Noticed an eight-headed hydra
 11840 | Lair:2   | Killed an eight-headed hydra
 12374 | Lair:2   | You fall into a shaft and drop 1 floor!
 12579 | Lair:3   | Reached skill level 12 in Fighting
 12589 | Lair:3   | Found a staircase to the Swamp.
 12589 | Lair:3   | Noticed a will-o-the-wisp
 12604 | Lair:3   | Killed a will-o-the-wisp
 13389 | Lair:3   | Reached XP level 12. HP: 49/112 MP: 12/12
 13619 | Lair:3   | Noticed a seven-headed hydra
 13631 | Lair:3   | Killed a seven-headed hydra
 14348 | Lair:3   | Paralysed by a hornet for 1 turns
 14553 | Lair:3   | Paralysed by a hornet for 2 turns
 14974 | Lair:3   | Paralysed by a hornet for 1 turns
 15242 | Lair:3   | Found a hole to the Spider Nest.
 15810 | Lair:3   | Reached skill level 5 in Shields
 15993 | Lair:4   | Reached skill level 13 in Fighting
 16284 | Lair:4   | Noticed a five-headed hydra
 16295 | Lair:4   | Killed a five-headed hydra
 16387 | Lair:4   | Noticed an eight-headed hydra
 16397 | Lair:4   | Killed a 12-headed hydra
 16406 | Lair:4   | Reached skill level 10 in Armour
 16427 | Lair:4   | Reached XP level 13. HP: 34/122 MP: 13/13
 16791 | Lair:4   | Identified the +5 rapier of Makamp {flame, Int+4}
 16806 | Lair:4   | Found a transporter.
 16826 | Lair:4   | Found a transporter.
 18083 | Lair:5   | Entered Level 5 of the Lair of Beasts
 18219 | Lair:5   | Reached **** piety under Trog
 18363 | Lair:5   | Reached skill level 14 in Fighting
 18393 | Lair:5   | HP: 2/186 [komodo dragon (20)]
 18394 | Lair:5   | Mangled by a blink frog

Illustrated notes

Levels and vault maps discovered:
D:1:      dpeg_arrival_pits, layout_basic,
          shapermc_ecumenical_altar_mp_highgroup, minmay_vboxes
D:2:      layout_loops_ring, kennysheep_another_room, minmay_misc_feat_cross
D:3:      layout_basic, mainiacjoe_overflow_big_doors
D:4:      layout_rooms, kennysheep_mini_moat
D:5:      layout_loops_ring, mainiacjoe_overflow_concentric_impassable,
          serial_shops, shop
D:6:      layout_basic, okawaru_gym_becter, minmay_temple_entry_ruins,
          serial_shops, shop, uniq_blork_the_orc, uniq_duvessa, uniq_pikel,
          uniq_eustachio
D:7:      layout_basic
D:8:      layout_basic
D:9:      layout_irregular_city, david_orc_5, minmay_between
D:10:     layout_loops_ring, vehumet_crystals, david_lair_generic
Temple:   compressed_dpeg_triangle_lava_temple
Lair:1:   layout_cave_pods, serial_bayou_shore_a, grunt_megastairs_4,
          infiniplex_staircase_pool
Lair:2:   layout_gridlike, serial_bayou, serial_bayou_shore_b,
          serial_bayou_pond_d, serial_bayou_pond_b, serial_bayou_lagoon_b
Lair:3:   layout_gridlike, minmay_swamp_entry_wisps, spider_nest_entry_a,
          dreamdust_wasp_nest
Lair:4:   gammafunk_worm_tunnel, layout_long_grid, special_room
          [special_room_bee]
Lair:5:   hellmonk_lair_end_abyssal_woods, layout_hall_layers,
          nicolae_slime_entry_slimehenge, st_stairs_10,
          nicolae_lair_run_with_the_wolves

Skill      XL: |  1  2  3  4  5  6  7  8  9 10 11 12 13 |
---------------+----------------------------------------+-----
Axes           | 3 4 5 6 7 9 10 11 12 | 12.2
Fighting       | 4 5 6 8 9 10 12 13 14 | 14.0
Dodging        | 1 2 3 4 5 6 7 |  7.6
Armour         | 4 5 6 7 9 10 | 10.5
Throwing       | 1 2 3 4 5 6 |  6.8
Evocations     | 1 2 3 4 6 7 |  7.4
Shields        | 6 7 |  7.1

Action                   |  1- 3 |  4- 6 |  7- 9 | 10-12 | 13-15 || total
-------------------------+-------+-------+-------+-------+-------++-------
Melee: War axe           |   136 |   120 |   284 |   118 |       ||   658
       Broad axe         |       |       |       |   468 |   174 ||   642
       Flail             |       |       |       |    24 |    18 ||    42
Throw: Dart              |       |     3 |    31 |    10 |       ||    44
       Boomerang         |       |       |    12 |    16 |       ||    28
       Throwing net      |       |       |       |     1 |       ||     1
Invok: Berserk           |       |       |       |     9 |     3 ||    12
       Trog's Hand       |       |       |       |     6 |     3 ||     9
Evoke: Wand              |       |       |     7 |    12 |     3 ||    22
  Use: Scroll            |     3 |     5 |     3 |    18 |     7 ||    36
       Potion            |       |     2 |     2 |    12 |     5 ||    21
 Stab: Paralysed         |       |       |       |    20 |    10 ||    30
       Held in net/web   |       |       |       |     1 |       ||     1
Armor: Scale mail        |    60 |    28 |       |       |       ||    88
       Chain mail        |       |    26 |   150 |   106 |       ||   282
       Plate armour      |       |       |       |   325 |   206 ||   531
       Skin              |       |       |       |       |    23 ||    23
Dodge: Dodged            |    56 |    35 |    96 |   240 |   134 ||   561
Block: Buckler           |    48 |    82 |   139 |   355 |   170 ||   794
       Reflection        |     1 |     6 |     6 |     9 |     2 ||    24
